PAA
NORTHVILLE ECLIPSE @ ATHLETIC CLUB KC ACADEMY
06/24/2026
 
TOP OF THE 1ST
Northville Eclipse batting - Pitching for Athletic Club KC Academy : RHP Álex Bane
Pitching: RHP Álex Bane
Batting: RHB José Silva 0-0: Reached on error, E6 (Popup, 6MD)
Batting: RHB Dave Shaw 0-0: Called Strike
0-1: Grounds into double play, 5-4-3 (Groundball, 5L)
Batting: RHB José Sánchez 0-0: Fly out, F4 (Popup, 34)
Top of the 1st over - 0 run(s), 0 hit(s), 1 error(s), 0 left on base; Northville 0 - Athletic Club KC Academy 0
BOTTOM OF THE 1ST
Athletic Club KC Academy batting - Pitching for Northville Eclipse : LHP Mack Rosier
Pitching: LHP Mack Rosier
Batting: RHB Ted Stephens 0-0: Ball
1-0: Foul Ball, location: 2F
1-1: Ball
2-1: Ball
3-1: Swinging Strike
3-2: Foul Ball, location: 2F
3-2: Base on Balls
Batting: LHB Tony García 0-0: Foul Ball, location: 2F
0-1: Fly out, F9 (Flyball, 9LM)
Batting: LHB Arturo Sosa 0-0: Foul Ball, location: 2F
0-1: SINGLE (Groundball, 2L) (infield hit)
Ted Stephens to second
Batting: RHB José Flores 0-0: Fly out, F9 (Flyball, 9)
Runner from 2nd tags up, SAFE at 3rd with throw
Batting: SHB Sang-your Yu 0-0: Swinging Strike
0-1: Ball
1-1: Called Strike
1-2: Foul Ball, location: 2F
1-2: Ball
2-2: Fly out, F2 (Popup, 15)
Bottom of the 1st over - 0 run(s), 1 hit(s), 0 error(s), 2 left on base; Northville 0 - Athletic Club KC Academy 0
TOP OF THE 2ND
Northville Eclipse batting - Pitching for Athletic Club KC Academy : RHP Álex Bane
Batting: RHB Luis Hernández 0-0: Fly out, F9 (Flyball, 9LM)
Batting: RHB Cosmo Bjorkenheim 0-0: Fly out, F8 (Line Drive, 78D)
Batting: SHB Jim Unknown 0-0: Called Strike
0-1: Swinging Strike
0-2: Foul Ball, location: 2F
0-2: Foul Ball, location: 2F
0-2: Foul Ball, location: 2F
0-2: Ball
1-2: Ball
2-2: Foul Ball, location: 2F
2-2: Strikes out looking
Top of the 2nd over - 0 run(s), 0 hit(s), 0 error(s), 0 left on base; Northville 0 - Athletic Club KC Academy 0
BOTTOM OF THE 2ND
Athletic Club KC Academy batting - Pitching for Northville Eclipse : LHP Mack Rosier
Batting: RHB Felipe Pabalate 0-0: Called Strike
0-1: Ground out 4-3 (Groundball, 34)
Batting: LHB Michael Landry 0-0: Swinging Strike
0-1: Swinging Strike
0-2: Foul Ball, location: 2F
0-2: Foul Ball, location: 2F
0-2: Ball
1-2: Ball
2-2: Ball
3-2: Foul Ball, location: 2F
3-2: Fly out, F4 (Line Drive, 4)
Batting: RHB Nathaniel Gault 0-0: Ball
1-0: Swinging Strike
1-1: Called Strike
1-2: Strikes out swinging
Bottom of the 2nd over - 0 run(s), 0 hit(s), 0 error(s), 0 left on base; Northville 0 - Athletic Club KC Academy 0
TOP OF THE 3RD
Northville Eclipse batting - Pitching for Athletic Club KC Academy : RHP Álex Bane
Batting: LHB Ramón Vega 0-0: Ball
1-0: Foul Ball, location: 2F
1-1: Ball
2-1: Swinging Strike
2-2: Strikes out swinging
Batting: RHB Alfonso López 0-0: Foul Ball, location: 2F
0-1: Foul Ball, location: 2F
0-2: Ball
1-2: Ground out 5-3 (Groundball, 56S)
Batting: RHB Dan Hart 0-0: Foul Ball, location: 2F
0-1: Fly out, F8 (Flyball, 8RM)
Top of the 3rd over - 0 run(s), 0 hit(s), 0 error(s), 0 left on base; Northville 0 - Athletic Club KC Academy 0
BOTTOM OF THE 3RD
Athletic Club KC Academy batting - Pitching for Northville Eclipse : LHP Mack Rosier
Batting: LHB Enrique Miranda 0-0: Foul Ball, location: 2F
0-1: Ball
1-1: Ball
2-1: Hit by Pitch
Batting: RHB Ted Stephens 0-0: Called Strike
0-1: Foul Ball, location: 2F
0-2: Ball
1-2: Ball
2-2: Ball
3-2: Base on Balls
Enrique Miranda to second
Batting: LHB Tony García 0-0: Called Strike
0-1: Ball
1-1: Foul Ball, location: 2F
1-2: Ball
2-2: SINGLE (Groundball, 34) (infield hit)
Enrique Miranda to third
Ted Stephens to second
Batting: LHB Arturo Sosa 0-0: Called Strike
0-1: Ball
1-1: Ball
2-1: Called Strike
2-2: Foul Ball, location: 2F
2-2: Strikes out swinging
Batting: RHB José Flores 0-0: Ball
1-0: Fly out, F8 (Flyball, 8RS)
Batting: SHB Sang-your Yu 0-0: Called Strike
0-1: Ball
1-1: Ground out 5-3 (Groundball, 5S)
Bottom of the 3rd over - 0 run(s), 1 hit(s), 0 error(s), 3 left on base; Northville 0 - Athletic Club KC Academy 0
TOP OF THE 4TH
Northville Eclipse batting - Pitching for Athletic Club KC Academy : RHP Álex Bane
Batting: RHB José Silva 0-0: Ball
1-0: Ball
2-0: Foul Ball, location: 2F
2-1: SINGLE (Groundball, 5D)
Batting: RHB Dave Shaw 0-0: Called Strike
0-1: Ball
1-1: Called Strike
1-2: Ball
2-2: Grounds into double play, 4-6-3 (Groundball, 4)
Batting: RHB José Sánchez 0-0: Called Strike
0-1: Ball
1-1: Swinging Strike
1-2: Strikes out looking
Top of the 4th over - 0 run(s), 1 hit(s), 0 error(s), 0 left on base; Northville 0 - Athletic Club KC Academy 0
BOTTOM OF THE 4TH
Athletic Club KC Academy batting - Pitching for Northville Eclipse : LHP Mack Rosier
Batting: RHB Felipe Pabalate 0-0: Ball
1-0: Ball
2-0: Ball
3-0: Base on Balls
Batting: LHB Michael Landry 0-0: Ball
1-0: Called Strike
1-1: Foul Ball, location: 2F
1-2: Ball
2-2: Foul Ball, location: 2F
2-2: Ground out 3-1 (Groundball, 34S)
Felipe Pabalate to second
Batting: RHB Nathaniel Gault 0-0: DOUBLE (Flyball, 89D)
Felipe Pabalate scores
Batting: LHB Enrique Miranda 0-0: Foul Ball, location: 2F
0-1: Foul Ball, location: 2F
0-2: Ball
1-2: SINGLE (Line Drive, 9LS)
Nathaniel Gault to third
Batting: RHB Ted Stephens 0-0: Ball
1-0: Ball
2-0: Ball
3-0: Called Strike
3-1: Foul Ball, location: 2F
3-2: Base on Balls
Enrique Miranda to second
Batting: LHB Tony García 0-0: Ball
1-0: Grounds into double play, 3-6-3 (Groundball, 3)
Bottom of the 4th over - 1 run(s), 2 hit(s), 0 error(s), 2 left on base; Northville 0 - Athletic Club KC Academy 1
TOP OF THE 5TH
Northville Eclipse batting - Pitching for Athletic Club KC Academy : RHP Álex Bane
Batting: RHB Luis Hernández 0-0: Ball
1-0: Swinging Strike
1-1: Foul Ball, location: 2F
1-2: Ball
2-2: Foul Ball, location: 2F
2-2: SINGLE (Line Drive, 7S)
Batting: RHB Cosmo Bjorkenheim 0-0: Ball
1-0: Called Strike
1-1: Ball
2-1: Swinging Strike
2-2: Strikes out swinging
Batting: SHB Jim Unknown 0-0: Fly out, F2 (Popup, 15S)
Batting: LHB Ramón Vega 0-0: Swinging Strike
0-1: Ball
1-1: Ball
2-1: SINGLE (Line Drive, 6MD)
Luis Hernández to second
Batting: RHB Alfonso López 0-0: Ball
1-0: Called Strike
1-1: SINGLE (Line Drive, 56D)
Luis Hernández to third
Ramón Vega to second
Batting: RHB Dan Hart 0-0: Fly out, F8 (Flyball, 8RM)
Top of the 5th over - 0 run(s), 3 hit(s), 0 error(s), 3 left on base; Northville 0 - Athletic Club KC Academy 1
BOTTOM OF THE 5TH
Athletic Club KC Academy batting - Pitching for Northville Eclipse : LHP Mack Rosier
Batting: LHB Arturo Sosa 0-0: Ball
1-0: Ball
2-0: Ball
3-0: Called Strike
3-1: Ground out 6-3 (Groundball, 6M)
Batting: RHB José Flores 0-0: Ball
1-0: Foul Ball, location: 2F
1-1: Ball
2-1: Foul Ball, location: 2F
2-2: Strikes out looking
Batting: SHB Sang-your Yu 0-0: Ball
1-0: Fly out, F7 (Line Drive, 7D)
Bottom of the 5th over - 0 run(s), 0 hit(s), 0 error(s), 0 left on base; Northville 0 - Athletic Club KC Academy 1
TOP OF THE 6TH
Northville Eclipse batting - Pitching for Athletic Club KC Academy : RHP Álex Bane
Batting: RHB José Silva 0-0: Foul Ball, location: 2F
0-1: Ball
1-1: Ball
2-1: Called Strike
2-2: Foul Ball, location: 2F
2-2: SINGLE (Line Drive, 89S)
Batting: RHB Dave Shaw 0-0: Called Strike
0-1: Ball
1-1: Ball
2-1: Sac Bunt - play at first, batter OUT! 2-4
José Silva to second
Batting: RHB José Sánchez 0-0: Called Strike
0-1: Ball
1-1: Foul Ball, location: 2F
1-2: Fly out, F7 (Flyball, 7LS)
Batting: RHB Luis Hernández 0-0: Called Strike
0-1: Fly out, F9 (Flyball, 89S)
Top of the 6th over - 0 run(s), 1 hit(s), 0 error(s), 1 left on base; Northville 0 - Athletic Club KC Academy 1
BOTTOM OF THE 6TH
Athletic Club KC Academy batting - Pitching for Northville Eclipse : LHP Mack Rosier
Batting: RHB Felipe Pabalate 0-0: SINGLE (Groundball, 4D)
Batting: LHB Michael Landry 0-0: Bunted foul
0-1: Bunt missed!
0-2: Ball
Passed Ball!
Felipe Pabalate to second
1-2: Ball
2-2: Ball
3-2: Fly out, F7 (Flyball, 7)
Batting: RHB Nathaniel Gault 0-0: Foul Ball, location: 2F
0-1: Ball
1-1: Ground out 5-3 (Groundball, 5L)
Batting: LHB Enrique Miranda 0-0: Ball
1-0: Swinging Strike
1-1: TRIPLE (Line Drive, 89XD)
Felipe Pabalate scores
Batting: RHB Ted Stephens 0-0: Called Strike
0-1: Ball
1-1: Foul Ball, location: 2F
1-2: Foul Ball, location: 2F
1-2: Foul Ball, location: 2F
1-2: Foul Ball, location: 2F
1-2: Ball
2-2: Ball
3-2: Base on Balls
Pitching: LHP Ramiro García
Batting: LHB Tony García 0-0: Swinging Strike
0-1: Swinging Strike
0-2: Ball
1-2: Strikes out swinging
Bottom of the 6th over - 1 run(s), 2 hit(s), 0 error(s), 2 left on base; Northville 0 - Athletic Club KC Academy 2
TOP OF THE 7TH
Northville Eclipse batting - Pitching for Athletic Club KC Academy : RHP Álex Bane
Batting: RHB Cosmo Bjorkenheim 0-0: Fly out, F4 (Popup, 4)
Batting: SHB Jim Unknown 0-0: Ball
1-0: Ball
2-0: Ball
3-0: Base on Balls
Batting: LHB Ramón Vega 0-0: Ball
1-0: Ball
2-0: Foul Ball, location: 2F
2-1: Ball
3-1: Ground out 4-3 (Groundball, 34)
Jim Unknown to second
Pitching: RHP Dempster Kelly
Batting: RHB Alfonso López 0-0: Ball
1-0: Ball
2-0: Called Strike
2-1: Ground out 5-3 (Groundball, 56S)
Top of the 7th over - 0 run(s), 0 hit(s), 0 error(s), 1 left on base; Northville 0 - Athletic Club KC Academy 2
BOTTOM OF THE 7TH
Athletic Club KC Academy batting - Pitching for Northville Eclipse : LHP Ramiro García
Batting: LHB Arturo Sosa 0-0: Ball
1-0: Foul Ball, location: 2F
1-1: Called Strike
1-2: Ball
2-2: Ball
3-2: Fly out, F5 (Line Drive, 5L)
Batting: RHB José Flores 0-0: Ball
1-0: Ball
2-0: Ball
3-0: Base on Balls
Batting: SHB Sang-your Yu 0-0: Grounds into double play, 6-4-3 (Groundball, 6)
Bottom of the 7th over - 0 run(s), 0 hit(s), 0 error(s), 0 left on base; Northville 0 - Athletic Club KC Academy 2
TOP OF THE 8TH
Northville Eclipse batting - Pitching for Athletic Club KC Academy : RHP Dempster Kelly
Batting: RHB Dan Hart 0-0: Called Strike
0-1: Ball
1-1: Ball
2-1: Ball
3-1: Foul Ball, location: 2F
3-2: Base on Balls
Pitching: RHP Haden Pittman
Batting: RHB José Silva 0-0: Ball
1-0: Ball
2-0: Ball
3-0: Base on Balls
Dan Hart to second
Batting: RHB Dave Shaw 0-0: Foul Ball, location: 2F
0-1: Called Strike
0-2: Foul Ball, location: 2F
0-2: Grounds into double play, 6-4-3 (Groundball, 6)
Dan Hart to third
Batting: RHB José Sánchez 0-0: Ball
1-0: Foul Ball, location: 2F
1-1: Ball
2-1: Ball
3-1: Base on Balls
Batting: RHB Luis Hernández 0-0: Ball
1-0: Called Strike
1-1: Foul Ball, location: 2F
1-2: Foul Ball, location: 2F
1-2: Fly out, F8 (Flyball, 8RS)
Top of the 8th over - 0 run(s), 0 hit(s), 0 error(s), 2 left on base; Northville 0 - Athletic Club KC Academy 2
BOTTOM OF THE 8TH
Athletic Club KC Academy batting - Pitching for Northville Eclipse : LHP Ramiro García
Batting: RHB Felipe Pabalate 0-0: Hit by Pitch
Batting: LHB Michael Landry 0-0: Bunt missed!
0-1: Bunted foul
0-2: DOUBLE (Line Drive, 9LM)
Felipe Pabalate to third
Batting: RHB Nathaniel Gault 0-0: Intentional Walk
Pinch Hitting: RHB Altifício Azor 0-0: Ball
1-0: Ball
2-0: Swinging Strike
2-1: Ball
3-1: Base on Balls
Felipe Pabalate scores
Michael Landry to third
Nathaniel Gault to second
Batting: RHB Ted Stephens 0-0: Foul Ball, location: 2F
0-1: Ball
1-1: Ball
2-1: Ball
3-1: Base on Balls
Michael Landry scores
Nathaniel Gault to third
Altifício Azor to second
Batting: LHB Tony García 0-0: Grounds into double play, 4-6-3 (Groundball, 4M)
Nathaniel Gault scores
Altifício Azor to third
Pitching: RHP Il-gyung Kim
Batting: LHB Arturo Sosa 0-0: Called Strike
0-1: Foul Ball, location: 2F
0-2: Fly out, F6 (Line Drive, 6)
Bottom of the 8th over - 3 run(s), 1 hit(s), 0 error(s), 1 left on base; Northville 0 - Athletic Club KC Academy 5
TOP OF THE 9TH
Northville Eclipse batting - Pitching for Athletic Club KC Academy : RHP Haden Pittman
Now at SS: Jim Unknown
Batting: RHB Cosmo Bjorkenheim 0-0: Ball
1-0: Called Strike
1-1: Foul Ball, location: 2F
1-2: Ball
2-2: Ball
3-2: Ground out 4-3 (Groundball, 4)
Batting: SHB Jim Unknown 0-0: Ball
1-0: Fly out, F8 (Line Drive, 8RM)
Batting: LHB Ramón Vega 0-0: Ground out 6-3 (Groundball, 6)
Top of the 9th over - 0 run(s), 0 hit(s), 0 error(s), 0 left on base; Northville 0 - Athletic Club KC Academy 5
Monday, March 20th, 2017 - OOTP Baseball 17.12 Build 75